[Event "Early-Titled-Tuesday-Blitz-April-23-2024"]
[Site "Chess.com"]
[Date "2024.04.23"]
[Round "8"]
[White "biveklama"]
[Black "Dr_Pepper18"]
[Result "1-0"]
[WhiteElo "2612"]
[BlackElo "2475"]
[TimeControl "180+1"]
[EndTime "9:34:09 PDT"]
[Termination "biveklama won on time"]

1. e4 c5 2. Nf3 d6 3. d4 cxd4 4. Nxd4 Nf6 5. Nc3 a6 6. h3 e5 7.
Nb3 h5 8. Bg5 Be6 9. Be2 Nbd7 10. a4 Be7 11. a5 Rc8 12. O-O h4 13. Bf3 Nh7 14. Bxe7 Qxe7 15. Nd5 Bxd5 16. Qxd5 Ndf6 17. Qd3 Ng5 18. Nd2 O-O 19. c4 Ne6 20. b4 Nf4 21.
Qe3 g6 22. Kh2 Kg7 23. Rab1 Rc7 24. Be2 Rfc8 25. b5 axb5 26. Rxb5 Nd7 27. Rfb1 Nc5 28. Bg4 Ra8 29. g3 hxg3+ 30. fxg3 Nfe6 31. Bxe6 Qxe6 32. h4 Rc6 33. Kg2 Rca6 34. Nb3 Nxb3 35. R1xb3 Rxa5 36. Rxb7 Ra2+ 37. Rb2 Qxc4 38. Qf3 R8a3 39. Qg4 Rxb2+ 40. Rxb2 Re3 41. Rd2 Rxe4 42. Qg5 Rd4 43. Rf2 Qd5+ 44. Kh2 Qe6 45. h5 Rg4 46. h6+ Kh7 47. Qd8 Kxh6 48. Qf8+ Kg5 49. Rxf7 Rd4 50. Rf2 Rc4 51. Qd8+ Kh5 52.
Qh8+ Kg5 53. Kg2 Qd5+ 54. Kh2 Qe6 55. Qg7 Kh5 56. Kg2 Kg5 57. Qf8 Qd5+ 58. Kh2 Qe6 59. Kg2 Rg4 60. Qd8+ Kh6 61. Qh8+ Kg5 62. Qd8+ Kh6 63.
Rf1 Rg5 64. Rh1+ Rh5 65. Qh8+ Kg5 66. Qd8+ Qf6 67. Rxh5+ gxh5 68. Qg8+ Qg6 69. Qd8+ Kf5 70. Qc8+ Qe6 71. Qc2+ Kf6 72. Qf2+ Qf5 73. Qd2 Qe4+ 74. Kh2 d5 75. Qh6+ Ke7 76. Qxh5 d4 77. Qg5+ Kd6 78.
Qd8+ 1-0

[Event "Early-Titled-Tuesday-Blitz-April-23-2024"]
[Site "Chess.com"]
[Date "2024.04.23"]
[Round "8"]
[White "SahibSinghKnight"]
[Black "amylazy"]
[Result "1-0"]
[WhiteElo "2643"]
[BlackElo "2462"]
[TimeControl "180+1"]
[EndTime "9:34:14 PDT"]
[Termination "SahibSinghKnight won by resignation"]

1. e4 c5 2. Nf3 e6 3. d4 cxd4 4. Nxd4 a6 5. c4 Nf6 6. Nc3 Qc7 7. a3 b6 8. f4 d6 9. Qe2 Nbd7 10. g3 Bb7 11.
Bg2 Rc8 12. b3 Be7 13. Bb2 O-O 14. Rd1 Rfe8 15. O-O Qb8 16. Kh1 Qa8 17. f5 Nc5 18. fxe6 fxe6 19. Rfe1 Bf8 20. Qc2 b5 21. e5 dxe5 22.
Rxe5 bxc4 23. bxc4 Ncd7 24. Rxe6 Rxc4 25. Rxe8 Nxe8 26.
Qe2 Bxg2+ 27. Qxg2 Qxg2+ 28. Kxg2 Nef6 29. Kf3 Bxa3 30. Ba1 Bb4 31. Nce2 Bc5 32. Ne6 Be7 33. Nxg7 Ra4 34. Nf5 Kf7 35. Nf4 Ra3+ 36. Kg2 Ra2+ 37. Kg1 Bc5+ 38. Bd4 Bxd4+ 39. Rxd4 Ne5 40. Nh4 Nfg4 41.
Re4 Ra1+ 42. Kg2 Ra2+ 43. Kg1 Ra1+ 44. Kg2 Ra2+ 45. Re2 Rxe2+ 46. Nxe2 Ne3+ 47. Kf2 N3g4+ 48. Kg2 a5 49. Nc3 Ke6 50. h3 Nf6 51. Kf2 Nd5 52.
Na4 Nd3+ 53. Ke2 N3b4 54. Nf3 Nf6 55. Ke3 Kd5 56. Nb6+ Kc5 57. Na4+ Kb5 58. Nb2 a4 59. Nd4+ Kb6 60. Nxa4+ Kc7 61. Nc5 Kd6 62. Ne4+ Nxe4 63. Kxe4 Ke7 64. Kf5 Kf7 65. Ne6 Nd5 66. Ng5+ Kg7 67.
Ne4 Ne3+ 68. Kg5 Nf1 69. g4 Ne3 70. Ng3 h6+ 71. Kh5 Kh7 72. h4 Nd5 73. g5 hxg5 74. Kxg5 Kg7 75. h5 Kf8 76. h6 Kg8 77. Ne4 Nc7 78.
Kg6 Kh8 79. Ng5 Nd5 80. Nf7+ Kg8 81. h7+ Kf8 82. h8=Q+ Ke7 83. Qd8+ 1-0

[Event "Early-Titled-Tuesday-Blitz-April-23-2024"]
[Site "Chess.com"]
[Date "2024.04.23"]
[Round "8"]
[White "kids2010"]
[Black "DonkyDonkyDonkey"]
[Result "1-0"]
[WhiteElo "2800"]
[BlackElo "2918"]
[TimeControl "180+1"]
[EndTime "9:34:18 PDT"]
[Termination "kids2010 won by resignation"]

1. e4 c5 2. Nc3 Nc6 3. Bb5 Nd4 4. Bc4 e6 5. Nf3 a6 6. Nxd4 cxd4 7. Ne2 Qc7 8. d3 Nf6 9. h3 d5 10.
exd5 exd5 11. Bb3 Bc5 12. Bg5 Qa5+ 13. Qd2 Qxd2+ 14. Kxd2 Be6 15. Bxf6 gxf6 16. Nf4 O-O-O 17. Rae1 Rhe8 18. Re2 Bd6 19. Nh5 Bb4+ 20. Kd1 Rg8 21. g3 f5 22. Nf4 Rge8 23. a3 Bd6 24. Nxd5 Bxd5 25. Bxd5 Rxe2 26. Kxe2 Re8+ 27. Kf3 Re7 28. h4 h6 29. h5 Kc7 30. Rh4 Be5 31. g4 Bf6 32. Rh1 fxg4+ 33. Kxg4 Re2 34. Rh3 Rxf2 35. Rf3 Rxf3 36. Kxf3 Bg5 37. c4 Bc1 38. a4 Bxb2 39.
Bxf7 Bc1 40. Ke4 Be3 41. Kd5 b6 42. Be8 Bg1 43. Bc6 Be3 44. Be8 Kd8 45. Bg6 Kd7 46. Bf5+ Kc7 47. Be4 Bg1 48. Bf5 Bf2 49. Bh3 Be3 50.
Bg4 Kb7 51. Kd6 Bf4+ 52. Kd7 Be3 53. Bf3+ Kb8 54. Kc6 Ka7 55. Be4 Bd2 56. Bf3 Be3 57.
Bd1 Bd2 58. Bb3 Be3 59. a5 bxa5 60. c5 Kb8 61. Kb6 Bf4 62. Kxa6 Kc7 63. Ba4 Bd2 64. Kb5 Bb4 65. Kc4 Bc3 66. Kd5 Bb2 67. Bb5 Bc3 68.
Ba4 Bb2 69. Kc4 Bc3 70. Kb5 Bb4 71. c6 Bc3 72. Ka6 Bb4 73. Kb5 Bc3 74. Kc4 Bb2 75.
Kd5 Bc3 76. Ke5 Bb2 77. Kf5 Bc1 78. Ke5 Be3 79. Bb5 Kb6 80. Kd5 Kc7 81. Ba4 Bg1 82.
Kc4 Be3 83. Kc5 Bg1 84. Kb5 Be3 85. Kxa5 Bg1 86. Kb5 Be3 87. Kc4 Bg1 88. Kd5 Be3 89. Ke5 Bg1 90. Kf5 Be3 91. Kg6 Kd6 92. Kg7 Kc7 93.
Bb5 Kd6 94. Bc4 Kc7 95. Bd5 Kd6 96. Be4 Kc7 97. Kg6 Kd6 98. Kf7 Kc7 99. Ke8 Kd6 100.
Kd8 Bg5+ 101. Kc8 Kc5 102. Kb7 Bf4 103. c7 Bxc7 104. Kxc7 1-0

[Event "Early-Titled-Tuesday-Blitz-April-23-2024"]
[Site "Chess.com"]
[Date "2024.04.23"]
[Round "8"]
[White "Fh2411"]
[Black "BashirliSaadat"]
[Result "1-0"]
[WhiteElo "2569"]
[BlackElo "2391"]
[TimeControl "180+1"]
[EndTime "9:34:29 PDT"]
[Termination "Fh2411 won on time"]

1. d4 d5 2. Nf3 e6 3. Bf4 c5 4.
e3 Nf6 5. c3 Nc6 6. Nbd2 Qb6 7.
Rb1 Be7 8. Bd3 O-O 9. O-O Bd7 10. Re1 cxd4 11. exd4 Rfc8 12. Qe2 Qa5 13. a3 Qd8 14. Rbd1 a6 15. Bb1 b5 16. Qd3 h6 17. Ne5 Na5 18.
Ndf3 Nc4 19. Re2 a5 20. Nxf7 Kxf7 21. Qg6+ Kg8 22. Bxh6 Qf8 23. Bc1 Be8 24. Qd3 Ne4 25.
Ne1 b4 26. f3 Nf6 27. Rxe6 bxc3 28. bxc3 Rc6 29. Rxc6 Bxc6 30. Qf5 Bd7 31. Qd3 Nd6 32. Qc2 Bf5 33. Nd3 Nc4 34. a4 Ba3 35.
Qe2 Re8 36. Qf2 Bxc1 37. Rxc1 Na3 38. g4 Bg6 39. h4 Nxb1 40. Ne5 Bh7 41. g5 Nh5 42. g6 Bxg6 43. Nxg6 Qf6 44. Ne5 Na3 45. Qg2 Nf4 46. Qg4 Ne2+ 47. Kf2 Nxc1 48. Qd7 Re7 49. Qxd5+ Kh7 50. Qe4+ g6 51. h5 Kg7 52. hxg6 Nb3 53.
Qg4 Nd2 54. Qh3 Ne4+ 55. Ke3 Ng5 56. Qh5 Rxe5+ 57. dxe5 Qxe5+ 58. Kf2 Qc5+ 59. Kg2 Qe5 60. Qg4 Qe2+ 61. Kg3 Qe1+ 62. Kf4 Ne6+ 63. Kf5 Nc4 64. Qh5 Ne3+ 65. Kxe6 Nc4+ 66. Kd5 Ne3+ 67. Kc5 Qxc3+ 68. Kd6 Qd4+ 69. Ke6 Qc4+ 70. Kd6 Qf4+ 71. Qe5+ Qxe5+ 72. Kxe5 Kxg6 73. Kd4 Nf5+ 74. Kc5 Ne7 75. Kb5 Kf5 76. Kxa5 Ke5 77. Kb6 Nd5+ 78. Kc5 Nc7 79. Kc6 Na6 80.
Kb6 Nb4 81. Kb5 Nd5 82. a5 Kf4 83. Kc5 Nc7 84. Kc6 Ne6 85. a6 Nd4+ 86. Kc5 Ne6+ 87. Kb6 Nd8 88. a7 Kxf3 89. a8=Q+ Kf4 90. Qxd8 1-0

[Event "Early-Titled-Tuesday-Blitz-April-23-2024"]
[Site "Chess.com"]
[Date "2024.04.23"]
[Round "8"]
[White "nekotyanof"]
[Black "Abund"]
[Result "1/2-1/2"]
[WhiteElo "2672"]
[BlackElo "2801"]
[TimeControl "180+1"]
[EndTime "9:34:37 PDT"]
[Termination "Game drawn - insufficient material"]

1. e4 c6 2. Nc3 d5 3. Nf3 dxe4 4. Nxe4 Nf6 5. Qe2 Nxe4 6. Qxe4 Nd7 7. Bc4 Nf6 8. Ne5 e6 9. Qe2 b5 10. Bb3 Qc7 11.
O-O Bd6 12. d4 O-O 13. c3 a5 14. a4 bxa4 15. Rxa4 c5 16. Bg5 Nd5 17. Nf3 Ba6 18. c4 cxd4 19. Nxd4 Bxh2+ 20. Kh1 Bf4 21. Nxe6 fxe6 22. Qxe6+ Qf7 23. Qxf7+ Kxf7 24. Rd1 Bxg5 25. Rxd5 Bf6 26. Rdxa5 Bb7 27. c5+ Ke7 28. Ra7 Rxa7 29.
Rxa7 Rb8 30. Bd5 Bxb2 31. Bxb7 Kf6 32. Bd5 Be5 33. g3 g5 34. Rxh7 Rb5 35. Rf7+ Kg6 36.
Rf3 Rxc5 37. Be4+ Kg7 38. Kg2 Bf6 39. Ra3 Rc7 40. Ra6 Re7 41. Bf5 Rb7 42. f3 Rb2+ 43.
Kh3 Rb7 44. Kg4 Rc7 45. Be4 Rd7 46. Kf5 Bd8 47. Rg6+ Kf8 48. Ra6 Rf7+ 49. Kg6 Rg7+ 50. Kh6 Rf7 51. Ra8 Rd7 52. Bf5 Rd6+ 53. Kh5 Kg7 54.
Ra7+ Kf8 55. Bg6 Rf6 56. Be4 Rd6 57. Ra8 Kg7 58. Kg4 Kf6 59. Ra7 Be7 60. Ra8 Rd8 61.
Ra6+ Rd6 62. Ra2 Rd8 63. Ra5 Kg7 64. Ra7 Kf6 65. Ra6+ Kg7 66. Ra5 Rd6 67. f4 gxf4 68.
gxf4 Kf7 69. Rh5 Kf8 70. Kf5 Rf6+ 71. Ke5 Rb6 72. Rh8+ Kg7 73. Rh7+ Kf8 74. f5 Bd6+ 75. Kd5 Be7 76. Bd3 Rd6+ 77. Ke4 Bf6 78. Rb7 Rd4+ 79. Ke3 Rd6 80. Be4 Ke8 81. Kf4 Kf8 82. Kf3 Ke8 83.
Bc2 Kd8 84. Bb3 Rd7 85. Rb8+ Ke7 86. Be6 Rc7 87. Ke4 Ra7 88. Kd5 Ra5+ 89. Ke4 Ra4+ 90.
Kf3 Ra3+ 91. Kg4 Ra4+ 92. Kh3 Rh4+ 93. Kg3 Be5+ 94. Kxh4 Bxb8 95. Kg5 Be5 96. Kg6 Bf6 97. Bg8 Ba1 98. f6+ Bxf6 1/2-1/2

[Event "Early-Titled-Tuesday-Blitz-April-23-2024"]
[Site "Chess.com"]
[Date "2024.04.23"]
[Round "8"]
[White "Navyblue1"]
[Black "ChadBiryani"]
[Result "0-1"]
[WhiteElo "2248"]
[BlackElo "2444"]
[TimeControl "180+1"]
[EndTime "9:35:11 PDT"]
[Termination "ChadBiryani won on time"]

1. d4 Nf6 2. c4 e5 3. dxe5 Ng4 4. e3 Nxe5 5. f4 Nec6 6. Nc3 Bb4 7. Bd2 O-O 8. Bd3 Na6 9. Qc2 g6 10. a3 Be7 11. b4 Naxb4 12. axb4 Nxb4 13. Qb1 a5 14. Nge2 d6 15. O-O Bd7 16. Nd5 Nxd5 17. cxd5 b6 18. Bc3 Bf6 19. Bxf6 Qxf6 20. Nd4 Rfe8 21.
Re1 a4 22. Bb5 Bxb5 23. Qxb5 a3 24. Rxa3 Rxa3 25. Qxe8+ Kg7 26. Qe4 Ra2 27. Nf3 Kg8 28. Qe8+ Kg7 29. Qe4 Kg8 30. Qd4 Qf5 31. Qc4 Rc2 32.
e4 Rxc4 33. exf5 Rxf4 34. fxg6 hxg6 35. Re7 Rc4 36. Nd2 Rc2 37. Ne4 b5 38. Re8+ Kg7 39.
Rb8 Rc4 40. Nd2 Rd4 41. Nb3 Rxd5 42. Rb7 c6 43. Rb6 Rd3 44. Na5 c5 45. Rxb5 Rc3 46.
Nb7 d5 47. Nxc5 d4 48. Ne4 Re3 49. Nd2 Re2 50. Nf3 d3 51. Rd5 Re3 52. Kf2 Re2+ 53. Kf1 Ra2 54. Rxd3 Ra1+ 55. Kf2 Ra2+ 56. Kg3 Ra4 57.
Rd4 Ra5 58. Re4 Rf5 59. Rf4 Ra5 60. h4 Rb5 61. Rg4 Ra5 62. Rg5 Ra4 63. Rg4 Ra5 64.
Rf4 f6 65. Rd4 Kh6 66. Rd8 Ra4 67. Rh8+ Kg7 68. Rd8 Kh6 69. Kh3 f5 70. Rh8+ Kg7 71. Rc8 Ra7 72. Rd8 Rb7 73. Rd4 Ra7 74. h5 gxh5 75.
Rd5 Kf6 76. Nh4 Ra3+ 77. Kh2 Kg5 78. Nxf5 Kg4 79. Nh6+ Kf4 80. Rxh5 Ra6 81. Nf7 Kg4 82.
Rh3 Rf6 83. Ne5+ Kg5 84. Nf3+ Kg6 85. Rg3+ Kh6 86. Rh3+ Kg6 87. Kg3 Ra6 88. Rh8 Kg7 89. Rd8 Ra4 90. Rd4 Ra5 91. Rg4+ Kh6 92. Kh4 Rb5 93. g3 Ra5 94. Rf4 Rb5 95. Kg4 Ra5 96. Rf6+ Kg7 97. Rf4 Rb5 98. Nh4 Kh6 99. Nf5+ Kg6 100. Ne7+ Kh6 101. Rf6+ Kg7 102. Rf4 Kh6 103. Kh4 Rh5+ 104. Kg4 Rg5+ 105. Kf3 Re5 106. Nf5+ Kg5 107. Nd4 Ra5 108. g4 Ra3+ 109. Ke4 Ra4 110. Ke3 Ra3+ 111. Ke4 Ra4 112. Rf8 Kxg4 113. Rg8+ Kh5 114. Kf5 Kh6 115. Ne6 Kh7 116. Rg7+ Kh8 117. Rf7 Ra1 118. Kg6 Rg1+ 119. Ng5 Kg8 120. Rb7 Kf8 0-1

[Event "Early-Titled-Tuesday-Blitz-April-23-2024"]
[Site "Chess.com"]
[Date "2024.04.23"]
[Round "8"]
[White "RodTwinkz"]
[Black "BardArtem"]
[Result "1-0"]
[WhiteElo "2701"]
[BlackElo "2840"]
[TimeControl "180+1"]
[EndTime "9:35:31 PDT"]
[Termination "RodTwinkz won on time"]

1. e4 d5 2. Nc3 dxe4 3. Nxe4 Qd5 4. Nc3 Qe5+ 5. Qe2 Qxe2+ 6. Bxe2 c6 7. Nf3 Nf6 8. d4 Bf5 9. Bd1 h6 10. Ne2 e6 11. c3 Nbd7 12. Ng3 Bh7 13. O-O Bd6 14.
Re1 O-O-O 15. Ne5 Nxe5 16. dxe5 Bxe5 17. Be3 Bc7 18. a4 a6 19. Bd4 Rhe8 20. Nh5 e5 21. Nxf6 gxf6 22. Be3 f5 23. Bxh6 e4 24. g3 Bg6 25.
Bg5 Rd7 26. h4 Rg8 27. Kh2 Bb6 28. Kg2 Bh7 29. Bb3 Bg6 30. Rad1 Re8 31. Rxd7 Kxd7 32. Rd1+ Kc8 33. Rh1 Bh5 34. Bd1 Bxd1 35. Rxd1 Bc7 36. Rh1 Rg8 37. Kf1 Kd7 38. Ke2 Ke6 39. Be3 Be5 40. h5 Rh8 41. h6 Kf6 42. Rd1 Ke6 43. Rc1 b5 44. axb5 axb5 45. Ra1 Kd5 46. Ra7 Rh7 47.
Ra8 Kc4 48. Rc8 Kd5 49. Rd8+ Ke6 50. Re8+ Kd5 51. Rd8+ Ke6 52. Kd2 Bf6 53. Rc8 Kd7 54.
Ra8 Be5 55. Ra7+ Ke6 56. Kc2 Bd6 57. b3 Bf8 58. Ra6 Kd5 59. c4+ bxc4 60. bxc4+ Kxc4 61. Rxc6+ Kd5 62. Ra6 Ke5 63. Bf4+ Kd5 64. Kd2 Kd4 65.
Ke2 Kc4 66. Rf6 Kd5 67. Rxf5+ Ke6 68. Re5+ Kf6 69. Rxe4 Bxh6 70. Bxh6 Rxh6 71. Ra4 Kg7 72. Rg4+ Kf8 73. Kf3 Rf6+ 74. Rf4 Rb6 75. g4 Rb3+ 76. Kg2 Kg7 77. Rf3 Rb4 78. Kg3 Rb1 79. Rf4 Rg1+ 80. Kf3 Rb1 81. Rf5 Rb3+ 82. Kg2 Kg6 83.
Rf3 Rb4 84. Kg3 Rb1 85. Re3 Rg1+ 86. Kf3 Ra1 87. Rd3 f6 88. Kf4 Ra4+ 89. Kg3 Ra1 90. f4 Rg1+ 91. Kf3 Rf1+ 92. Ke4 Re1+ 93. Re3 Ra1 94.
Kf3 Rf1+ 95. Kg3 Rg1+ 96. Kh4 Rh1+ 97. Rh3 Rf1 98. f5+ Kg7 99. Kh5 Rb1 100. g5 fxg5 101. Kxg5 Rb6 102. Rc3 Kf8 103. Rc8+ Kf7 104. Rc7+ Kf8 105. Rd7 Ra6 106. Rh7 Rb6 107. Rc7 Ra6 108. Rb7 Rc6 109. Ra7 Rd6 110. Rc7 Rb6 111. Kf4 Ra6 112. Rc5 Kf7 113.
Kg5 Rb6 114. f6 Kf8 115. Kg6 Rb8 116. Rh5 1-0

[Event "Early-Titled-Tuesday-Blitz-April-23-2024"]
[Site "Chess.com"]
[Date "2024.04.23"]
[Round "8"]
[White "amanjazu"]
[Black "czechbul17"]
[Result "0-1"]
[WhiteElo "2527"]
[BlackElo "2098"]
[TimeControl "180+1"]
[EndTime "9:35:33 PDT"]
[Termination "czechbul17 won on time"]

1. d4 d6 2. c4 e5 3. Nc3 Nd7 4. e3 g6 5. g3 Bg7 6. Bg2 Ne7 7.
Nf3 O-O 8. O-O h6 9. b3 f5 10.
Bb2 g5 11. Rc1 Ng6 12. Ne2 g4 13. Ne1 h5 14. f4 e4 15. Ba3 h4 16. Kf2 Nf6 17. Rh1 c6 18. Qd2 Re8 19. Nc2 Be6 20. Nc3 Rc8 21. Bf1 c5 22. Rd1 Qc7 23. Nb5 Qb8 24. b4 a6 25. Nxd6 Qxd6 26. bxc5 Qb8 27.
d5 Bd7 28. Nd4 Bf8 29. d6 Qa7 30. Qb4 a5 31. Qb6 Qxb6 32. cxb6 Nh8 33. c5 Ng6 34. Bc4+ Kg7 35. Rc1 Kh6 36. Rc3 h3 37. Rhc1 a4 38. Bf7 Red8 39. Bb2 Kg7 40. Be6 Bxe6 41. Nxe6+ Kf7 42. Nxd8+ Rxd8 43. c6 bxc6 44. Rxc6 Bxd6 45. b7 Be7 46. Ke2 Nd7 47. Rc8 Ngf8 48. Rxd8 Bxd8 49.
Rc8 Ne6 50. b8=Q Nxb8 51. Rxb8 Be7 52. Rb7 Ke8 53. Ra7 Nc5 54. Ba3 Kd8 55. Rxe7 Kxe7 56. Bxc5+ Ke6 57. Kd2 Kd5 58. Ba3 Kc4 59. Kc2 Kd5 60.
Kc3 Kc6 61. Kd4 Kb5 62. Bc5 Ka5 63. a3 Kb5 64. Bb4 Kc6 65. Kc4 Kb6 66. Bc3 Kc6 67. Bd4 Kd6 68. Kb5 Kd5 69. Kxa4 Kc4 70. Ka5 Kd3 71. a4 Ke2 72. Kb4 Kf2 73. a5 Kg2 74. a6 Kxh2 75. a7 Kxg3 76. a8=Q h2 77. Qa1 Kg2 78. Qb2+ Kg1 79. Qc1+ Kg2 80. Qd2+ Kg1 81. Qe1+ Kg2 82. Qe2+ Kg1 83. Qb5 h1=Q 84. Qxf5 Qf3 85.
Qg5 g3 86. f5 g2 87. Be5 Kf1 88. Bh2 Qh3 89. Qf4+ Qf3 90. Qg5 Qh3 91. Qf4+ Qf3 92. f6 Qxf4 93. exf4 e3 94. f7 e2 95. f8=Q e1=Q+ 96. Kb5 Qh4 97. Qc5 Qxh2 98. Qc1+ Kf2 99. Qc2+ Kg3 100. Qd3+ Kg4 101. Qd1+ Kh4 102. Qe1+ Qg3 103.
Qe7+ Kg4 104. Qd7+ Kxf4 105. Qd6+ Kf3 106. Qd1+ Kf2 107. Qd2+ Kf1 108. Qd1+ Qe1 109. Qd3+ Qe2 0-1

[Event "Early-Titled-Tuesday-Blitz-April-23-2024"]
[Site "Chess.com"]
[Date "2024.04.23"]
[Round "8"]
[White "Ramla2020"]
[Black "UmarovSabir"]
[Result "0-1"]
[WhiteElo "2476"]
[BlackElo "2312"]
[TimeControl "180+1"]
[EndTime "9:35:55 PDT"]
[Termination "UmarovSabir won by checkmate"]

1. c4 c6 2. e4 d6 3. Nc3 g6 4. g3 Bg7 5. Bg2 h5 6. h3 h4 7. g4 f5 8. exf5 gxf5 9. Qc2 fxg4 10. Qg6+ Kf8 11. hxg4 Rh6 12. Qg5 Bf6 13. Qf4 e5 14.
Qf3 Rg6 15. Bh3 Kg7 16. d3 Nd7 17. Nge2 Nc5 18. Ne4 Nxe4 19. dxe4 Qb6 20. Rb1 Be6 21. b3 Rf8 22. Qe3 Bxg4 23. Qxb6 axb6 24. Be3 Bf3 25.
Rf1 Bxe4 26. Rd1 d5 27. Nc3 Bf3 28. Bxb6 Bxd1 29. Nxd1 d4 30. Bf5 Rg5 31. Be4 Ra8 32. a4 Be7 33. Nb2 Nf6 34. Bc2 c5 35. Nd3 Nd7 36. Bc7 Rc8 37. Ba5 b6 38. Bd2 Rg2 39. Nc1 Nf6 40. Bf5 e4 41. Bxc8 Bd6 42. Bh3 Rh2 43. Bf5 d3 44. Rg1+ Kf7 45. Nxd3 exd3 46. Bxd3 Be5 47. Bg6+ Ke7 48. Bg5 h3 49. Ke2 Ke6 50.
Bxf6 Kxf6 51. Be4 Bd4 52. Rf1 Ke5 53. Bd5 Kf4 54. Kd3 Rxf2 55. Rh1 h2 56. b4 Kg3 57. a5 bxa5 58. b5 Rb2 59. Ke4 a4 60. Ra1 Rg2 61. Kd3 Rg1 62. Rxa4 h1=Q 63. Bxh1 Rxh1 64. Ra8 Kf4 65.
Rg8 Ke5 66. Re8+ Kd6 67. Rd8+ Kc7 68. Re8 Rd1+ 69. Kc2 Ra1 70. Kd3 Kb6 71. Re6+ Kc7 72. Rc6+ Kb7 73. Ke4 Ra3 74. Kd5 Re3 75. Re6 Rxe6 76.
Kxe6 Kb6 77. Kd6 Bc3 78. Kd5 Be1 79. Kd6 Bg3+ 80. Kd5 Bh4 81. Kd6 Bg5 82. Kd5 Be7 83. Ke6 Bf8 84. Kf7 Bh6 85. Ke6 Bd2 86. Kd5 Bb4 87. Kd6 Bc3 88. Kd5 Bd4 89. Kd6 Kb7 90. Kd5 Kc7 91. Ke6 Bc3 92. Kd5 Bb4 93. Ke6 Ba5 94. Kd5 Bb6 95. Ke6 Ba7 96. Kd5 Kd7 97.
Ke5 Bb6 98. Kd5 Kc7 99. Ke6 Ba5 100. Kd5 Kb6 101. Kd6 Be1 102. Kd7 Bf2 103. Kd6 Ka5 104. Kc6 Kb4 105. Kd5 Bg3 106. b6 Bb8 107. b7 Bh2 108.
Kc6 Kxc4 109. Kd7 Kb4 110. Kc8 c4 111. Kd7 c3 112.
Ke6 c2 113. Kd5 c1=Q 114. b8=Q+ Bxb8 115. Ke4 Qc4+ 116. Kf5 Kc3 117. Kg5 Kd4 118. Kg6 Qf1 119. Kh7 Qg2 120. Kh6 Be5 121. Kh5 Bf6 122. Kh6 Qg7+ 123. Kh5 Qg5# 0-1

[Event "Early-Titled-Tuesday-Blitz-April-23-2024"]
[Site "Chess.com"]
[Date "2024.04.23"]
[Round "9"]
[White "Road2GM3000"]
[Black "whiteglovethief"]
[Result "0-1"]
[WhiteElo "2439"]
[BlackElo "2578"]
[TimeControl "180+1"]
[EndTime "9:43:37 PDT"]
[Termination "whiteglovethief won by resignation"]

1. d4 Nf6 2. c4 c5 3. d5 b5 4.
Qc2 d6 5. e4 b4 6. f4 Nbd7 7. Nf3 g6 8. Bd3 Bg7 9. O-O O-O 10. f5 a5 11. Bg5 Ng4 12. Nbd2 h6 13. Bf4 g5 14. Bg3 Ne3 15. Qd1 Nxd1 0-1

[Event "Early-Titled-Tuesday-Blitz-April-23-2024"]
[Site "Chess.com"]
[Date "2024.04.23"]
[Round "9"]
[White "Alexei_Gubajdullin"]
[Black "thesupera12"]
[Result "1-0"]
[WhiteElo "2606"]
[BlackElo "2446"]
[TimeControl "180+1"]
[EndTime "9:44:35 PDT"]
[Termination "Alexei_Gubajdullin won by resignation"]

1. Nf3 g6 2. g3 Bg7 3. Bg2 d5 4.
O-O c5 5. d3 Nc6 6. Nbd2 Nf6 7.
e4 O-O 8. Re1 Bg4 9. h3 Bxf3 10.
Bxf3 dxe4 11. dxe4 Qc7 12. c3 Rfd8 13. Qc2 Ne5 14. Be2 Rd7 15. f4 Nc6 16. e5 Nd5 17. Ne4 b6 18. e6 fxe6 19. Ng5 Nd8 20. Bg4 h5 21. Bxe6+ Nxe6 22. Nxe6 Qd6 23. Qxg6 1-0

[Event "Early-Titled-Tuesday-Blitz-April-23-2024"]
[Site "Chess.com"]
[Date "2024.04.23"]
[Round "9"]
[White "cthulhuuu"]
[Black "GambitGiesbergen"]
[Result "1-0"]
[WhiteElo "2474"]
[BlackElo "2320"]
[TimeControl "180+1"]
[EndTime "9:44:42 PDT"]
[Termination "cthulhuuu won by resignation"]

1. e4 b6 2. g3 Bb7 3. Bg2 f5 4. d3 Nf6 5. Nd2 e5 6. Ngf3 Nc6 7. exf5 d5 8. O-O Bd6 9. Ng5 Bc8 10. c4 Bxf5 11.
cxd5 Nd4 12. Ne6 Nxe6 13. dxe6 Bxe6 14. Bxa8 Qxa8 15. f3 O-O 16. Ne4 Bh3 17. Qb3+ Kh8 18. Nxd6 Bxf1 19. Nf7+ Rxf7 20. Qxf7 Qxf3 21. Qf8+ Ng8 22.
Qxf3 1-0

[Event "Early-Titled-Tuesday-Blitz-April-23-2024"]
[Site "Chess.com"]
[Date "2024.04.23"]
[Round "9"]
[White "Kostukov_Alex"]
[Black "LeoLV10"]
[Result "1-0"]
[WhiteElo "2356"]
[BlackElo "2477"]
[TimeControl "180+1"]
[EndTime "9:44:54 PDT"]
[Termination "Kostukov_Alex won by resignation"]

1. g3 Nf6 2. Bg2 d5 3. d3 c6 4. e4 g6 5. Qe2 Bg7 6. Nf3 O-O 7. O-O Re8 8. c4 e6 9. e5 Nfd7 10. Nc3 a6 11. Bf4 Qc7 12. cxd5 cxd5 13. Nxd5 exd5 14.
e6 Qd8 15. exf7+ Kxf7 16. Ng5+ Kg8 17. Bxd5+ Re6 18. Qxe6+ 1-0

[Event "Early-Titled-Tuesday-Blitz-April-23-2024"]
[Site "Chess.com"]
[Date "2024.04.23"]
[Round "9"]
[White "KorolDimitriy75"]
[Black "Bada_norovsambuu"]
[Result "1-0"]
[WhiteElo "2325"]
[BlackElo "2208"]
[TimeControl "180+1"]
[EndTime "9:45:29 PDT"]
[Termination "KorolDimitriy75 won by resignation"]

1. d4 d5 2. c4 c6 3. Nc3 Nf6 4. e3 e6 5. Nf3 Be7 6. Bd3 O-O 7.
O-O Nbd7 8. e4 dxe4 9. Nxe4 Nxe4 10. Bxe4 Nf6 11. Bc2 b6 12. Bg5 Bb7 13. Qd3 g6 14. Rad1 Qc7 15. Rfe1 Rfd8 16. Ne5 c5 17. Qh3 cxd4 18.
Nxf7 Rf8 19. Nh6+ Kg7 20. Qxe6 1-0

[Event "Early-Titled-Tuesday-Blitz-April-23-2024"]
[Site "Chess.com"]
[Date "2024.04.23"]
[Round "9"]
[White "vladgoncharov"]
[Black "Fernando_Offermann"]
[Result "1-0"]
[WhiteElo "2598"]
[BlackElo "2482"]
[TimeControl "180+1"]
[EndTime "9:45:41 PDT"]
[Termination "vladgoncharov won by resignation"]

1. d4 Nf6 2. c4 g6 3. Nc3 Bg7 4. e4 O-O 5. h3 d6 6. Be3 e5 7. d5 Na6 8. Nf3 Nc5 9. Nd2 a5 10.
g4 h5 11. Be2 hxg4 12. hxg4 Nh7 13. g5 Nxg5 14. Qc2 c6 15. O-O-O cxd5 16. cxd5 Bd7 17. Rdg1 Nh7 18. Nc4 Qe7 19. Bxc5 dxc5 20. d6 Qf6 21. Nd5 Qxf2 22. Ne7+ Kh8 23. Qd2 Qf4 24. Ne3 Bh6 25. N7d5 Qxe4 26. Rxh6 Kg7 27. Rgh1 Rh8 28. Rxh7+ Rxh7 29. Rxh7+ 1-0

[Event "Early-Titled-Tuesday-Blitz-April-23-2024"]
[Site "Chess.com"]
[Date "2024.04.23"]
[Round "9"]
[White "AlainBruxelles"]
[Black "Bilan_Danila"]
[Result "0-1"]
[WhiteElo "2362"]
[BlackElo "2551"]
[TimeControl "180+1"]
[EndTime "9:45:43 PDT"]
[Termination "Bilan_Danila won by resignation"]

1. e4 c6 2. d4 d5 3. exd5 cxd5 4.
c4 Nf6 5. Nc3 Nc6 6. Bg5 e6 7. Nf3 Be7 8. c5 O-O 9. Bd3 b6 10. cxb6 Qxb6 11. b3 h6 12. Bh4 Bb4 13.
Rc1 Ne4 14. Bxe4 dxe4 15. Ne5 Nxe5 16. dxe5 Ba6 17. f3 Qe3+ 0-1

[Event "Early-Titled-Tuesday-Blitz-April-23-2024"]
[Site "Chess.com"]
[Date "2024.04.23"]
[Round "9"]
[White "Casper"]
[Black "northridgehawk"]
[Result "0-1"]
[WhiteElo "2485"]
[BlackElo "2319"]
[TimeControl "180+1"]
[EndTime "9:45:45 PDT"]
[Termination "northridgehawk won by resignation"]

1. d4 Nf6 2. Nc3 d5 3. Bg5 Nbd7 4. e3 h6 5. Bh4 e6 6. Nf3 Be7 7. Bd3 O-O 8. O-O b6 9. Re1 Bb7 10. e4 dxe4 11. Nxe4 Nxe4 12. Bxe4 Bxe4 13. Bxe7 Qxe7 14. Rxe4 Nf6 15. Re3 Rad8 16. Qe2 Nd5 17. Ra3 a5 18.
Ne5 Rd6 19. Rg3 Nf6 20. c3 c5 21.
Qe3 cxd4 22. Qxh6 Ne8 23. Qh5 Nf6 24. Qh6 Ne8 25. Qh5 Qf6 26. Qg5 Qxg5 27. Rxg5 f6 28.
Nc4 fxg5 0-1

[Event "Early-Titled-Tuesday-Blitz-April-23-2024"]
[Site "Chess.com"]
[Date "2024.04.23"]
[Round "9"]
[White "BurningggIce"]
[Black "PolandHussars"]
[Result "0-1"]
[WhiteElo "2434"]
[BlackElo "2590"]
[TimeControl "180+1"]
[EndTime "9:45:49 PDT"]
[Termination "PolandHussars won by resignation"]

1. d4 Nf6 2. c4 c5 3. d5 e6 4.
Nc3 exd5 5. cxd5 d6 6. Nf3 g6 7.
Nd2 Nbd7 8. e4 Bg7 9. Bd3 O-O 10. O-O Re8 11. Re1 a6 12. a4 Ne5 13. Be2 g5 14. Nc4 Nxc4 15. Bxc4 h6 16. a5 b5 17. axb6 Qxb6 18.
Qc2 Bd7 19. f4 Ng4 20. Ne2 Qb4 21.
Bd2 Qxb2 22. Qxb2 Bxb2 23. Rab1 Rxe4 24. Bd3 Bd4+ 25. Nxd4 Rxd4 26. Be2 Rxd2 0-1

[Event "Early-Titled-Tuesday-Blitz-April-23-2024"]
[Site "Chess.com"]
[Date "2024.04.23"]
[Round "9"]
[White "Javadovvv"]
[Black "sokidze"]
[Result "0-1"]
[WhiteElo "2654"]
[BlackElo "2809"]
[TimeControl "180+1"]
[EndTime "9:46:01 PDT"]
[Termination "sokidze won by resignation"]

1. d4 d5 2. Nf3 Nf6 3. Bf4 e6 4. e3 Bd6 5. Bg3 O-O 6. Nbd2 c5 7. c3 Qc7 8. Bd3 Nbd7 9. O-O b6 10. e4 Bxg3 11.
hxg3 cxd4 12. cxd4 dxe4 13. Nxe4 Bb7 14. Qe2 Rac8 15.
Rad1 Nxe4 16. Bxe4 Nf6 17. Bb1 Qc4 18. Qe3 Rfd8 19. Rd2 Qd5 20. Rfd1 h6 21. Qf4 Rd6 22. Re2 Rcd8 23. Red2 a5 24. Qe5 Ng4 25. Qf4 Qh5 26. Be4 g5 0-1

[Event "Early-Titled-Tuesday-Blitz-April-23-2024"]
[Site "Chess.com"]
[Date "2024.04.23"]
[Round "9"]
[White "FuenfgegenWilly"]
[Black "SharapovEvgeny"]
[Result "0-1"]
[WhiteElo "2483"]
[BlackElo "2630"]
[TimeControl "180+1"]
[EndTime "9:46:05 PDT"]
[Termination "SharapovEvgeny won on time"]

1. d4 d5 2. c4 c6 3. cxd5 cxd5 4. Nc3 Nf6 5. Bf4 Nc6 6. e3 a6 7. Bd3 Bg4 8. f3 Bh5 9. g4 Bg6 10. h4 Bxd3 11. Qxd3 e6 12. Nge2 Be7 13. Kf2 h5 14. g5 Nd7 15. Rac1 g6 16. Rhd1 O-O 17. e4 Nb6 0-1